 Dungeon Crawl Stone Soup version 0.21.1-1-g345015f (webtiles) character file.

3574 Hebeh the Cleaver (level 9, -6/81 HPs)
             Began as a Minotaur Fighter on June 23, 2018.
             Was a Believer of Trog.
             Killed from afar by a deep elf mage (34 damage)
             ... with a bolt of lightning
             ... on level 9 of the Dungeon.
             The game lasted 00:25:02 (8112 turns).

Hebeh the Cleaver (Minotaur Fighter)                Turns: 8112, Time: 00:25:03

Health: -6/81      AC: 12    Str: 24    XL:     9   Next: 84%
Magic:  10/10      EV:  6    Int:  5    God:    Trog [**....]
Gold:   275        SH: 16    Dex: 10    Spells: 8/8 levels left

rFire    . . .     SeeInvis .   B - +3 hand axe (freeze)
rCold    . . .     Gourm    .   r - +0 large shield
rNeg     . . .     Faith    .   b - +0 scale mail
rPois    .         Spirit   .   j - +2 hat
rElec    .         Reflect  .   q - +0 cloak
rCorr    .         Harm     .   l - +0 pair of gloves
MR       +++..                  (no boots)
Stlth    ..........             (no amulet)
HPRegen  1.23/turn              w - ring of protection from magic
MPRegen  0.12/turn              (no ring)

@: regenerating
A: retaliatory headbutt, horns 2
a: Berserk, Trog's Hand, Burn Spellbooks, Renounce Religion


You were on level 9 of the Dungeon.
You worshipped Trog.
Trog was pleased with you.
You were near starving.

You visited 2 branches of the dungeon, and saw 10 of its levels.

You collected 395 gold pieces.
You spent 120 gold pieces at shops.

Inventory:

Hand Weapons
 a - a +0 war axe
 g - a +1 whip of freezing
 u - a +0 hand axe of chopping
 y - the +2 flail "Moxtuck" {drain, rPois rC+ Dex+2 SInv}
   (You found it on level 5 of the Dungeon)

   A truly terrible weapon, it drains the life of those it strikes.
   It affects your dexterity (+2).
   It protects you from cold.
   It protects you from poison.
   It lets you see invisible.
 B - a +3 hand axe of freezing (weapon)
 C - a +0 hand axe of chopping
Armour
 b - a +0 scale mail (worn)
 c - a +0 shield
 j - a +2 hat (worn)
 l - a +0 pair of gloves (worn)
 q - a +0 cloak (worn)
 r - a +0 large shield (worn)
Jewellery
 w - a ring of protection from magic (left hand)
 D - an uncursed ring of wizardry
Wands
 t - a wand of random effects (25)
Scrolls
 m - 2 scrolls of fear
 p - 4 scrolls of remove curse
 v - a scroll of immolation {unknown}
 x - 2 scrolls of teleportation
 A - 3 scrolls of fog
 E - a scroll of acquirement {unknown}
Potions
 d - 3 potions of might
 e - 7 potions of curing {unknown}
 h - a potion of heal wounds
 i - a potion of ambrosia {unknown}
 n - a potion of flight {unknown}
 o - 2 potions of haste {unknown}
 s - a potion of invisibility {unknown}
 z - 2 potions of mutation {unknown}
 F - a potion of magic {unknown}
 G - a potion of cancellation {unknown}
Books
 H - a book of Cantrips

   Spells                             Type                      Level
   a - Confusing Touch                Hexes                        1
   b - Animate Skeleton               Necromancy                   1
   c - Summon Small Mammal            Summoning                    1
   d - Apportation                    Translocation                1
   Trog disapproves of the use of such an item.
Comestibles
 f - 21 rations


   Skills:
 + Level 7.8 Fighting
 * Level 10.0(10.5) Axes
 - Level 5.2(8.3) Maces & Flails
 + Level 7.9 Armour
 + Level 7.9 Shields
 + Level 2.6 Evocations


You had 8 spell levels left.
You didn't know any spells.

Dungeon Overview and Level Annotations

Branches:
Dungeon (9/15)             Temple (1/1) D:6
   Lair: D:8-11         Orc: D:9-12

Altars:
Ashenzari
Cheibriados
Dithmenos
Fedhas
Gozag
Hepliaklqana
Kikubaaqudgha
Makhleb
Nemelex Xobeh
Okawaru
Qazlal
Ru
Sif Muna
Trog
Vehumet
Yredelemnul
Zin
The Shining One

Shops:
D:5 *   D:7 [}:*


Innate Abilities, Weirdness & Mutations

You reflexively headbutt those who attack you in melee.
You have a pair of horns on your head.


Message History

Your shield prevents you from hitting the quokka.
You block the orc warrior's attack. You block the quokka's attack.
The deep elf mage hits you but does no damage.
You are too injured to fight recklessly!
You are too injured to fight recklessly!
You completely miss the deep elf mage. Your headbutt misses the deep elf mage.
The deep elf mage is heavily wounded.
You barely miss the quokka.
The quokka bites you but does no damage.
The orc warrior hits you but does no damage.
You are too injured to fight recklessly!
You hit the deep elf mage but do no damage.
The deep elf mage is heavily wounded.
You slash the quokka! You freeze the quokka.
You kill the quokka!
Trog accepts your kill.
You feel the effects of Trog's Hand fading.
The deep elf mage gestures at you while chanting.
The bolt of lightning hits you!
You die...

#..##.!......
####..##.......
.....##............
....##..... ......
#...##....# ......
#.........##......
#...#.............
#..@##...........o
#..e##............
#...o....(.)......
#.))#.............
#...##.........l..
#...##...##.......
#...##...# .......
#...##............
#...##.......##...


You could see a deep elf mage and an orc warrior.

Vanquished Creatures
  Pikel (D:4)
  Sigmund (D:4)
  A spriggan (D:8)
  2 steam dragons
  3 ice beasts
  A slave (D:4)
  An orc warrior (D:7)
  A sky beast (D:5)
  2 ogres
  A centaur (D:9)
  3 bullfrogs (D:8)
  2 scorpions
  8 killer bees
  4 wights (D:7)
  2 vampire bats (D:7)
  A centaur zombie (D:5)
  2 crimson imps
  4 orc priests
  4 hounds
  3 iguanas
  Ijyb (D:5)
  6 orc wizards
  3 worker ants
  Robin (D:2)
  3 gnolls (D:3)
  9 adders
  A shadow imp (D:6)
  An ooze (D:2)
  2 adder skeletons
  2 worms
  2 dart slugs
  7 leopard geckos
  31 orcs
  A ball python (D:3)
  A bat skeleton (D:7)
  4 bat zombies (D:7)
  4 giant cockroaches
  16 goblins
  9 hobgoblins
  2 jackals (D:1)
  5 kobolds
  A quokka (D:9)
  6 bats
  2 frilled lizards
  A giant cockroach zombie (D:6)
  A leopard gecko zombie (D:8)
  A quokka zombie (D:6)
  5 rats
175 creatures vanquished.

Vanquished Creatures (others)
  A slave (D:4)
1 creature vanquished.

Grand Total: 176 creatures vanquished

Notes
Turn   | Place    | Note
-------+----------+-------------------------------------------
     0 | D:1      | Hebeh the Minotaur Fighter began the quest for the Orb.
     0 | D:1      | Reached XP level 1. HP: 19/19 MP: 0/0
   125 | D:1      | Reached XP level 2. HP: 27/27 MP: 1/1
   189 | D:1      | Reached skill level 3 in Axes
   617 | D:1      | Reached XP level 3. HP: 33/33 MP: 2/2
   774 | D:2      | Noticed Robin
   796 | D:2      | Killed Robin
   891 | D:2      | Reached XP level 4. HP: 38/40 MP: 3/3
  1441 | D:3      | Reached skill level 4 in Axes
  1738 | D:3      | Reached XP level 5. HP: 41/47 MP: 4/4
  2341 | D:4      | Noticed an ogre
  2357 | D:3      | Killed an ogre
  2357 | D:3      | Reached skill level 5 in Axes
  2535 | D:4      | Noticed Sigmund
  2549 | D:4      | Killed Sigmund
  2549 | D:4      | Reached skill level 5 in Fighting
  2549 | D:4      | Reached skill level 5 in Armour
  2549 | D:4      | Reached skill level 5 in Shields
  2549 | D:4      | Reached XP level 6. HP: 9/56 MP: 5/5
  2768 | D:4      | Noticed a slave
  2770 | D:4      | Noticed Pikel
  2773 | D:4      | Noticed a slave
  2774 | D:4      | Noticed a slave
  2774 | D:4      | Noticed a slave
  2776 | D:4      | Killed a slave
  2785 | D:4      | Killed Pikel
  2785 | D:4      | Reached skill level 7 in Axes
  2785 | D:4      | Reached XP level 7. HP: 4/62 MP: 6/6
  3133 | D:4      | Found a blossoming altar of Fedhas.
  3716 | D:4      | Found a shattered altar of Ashenzari.
  3749 | D:4      | Found a sparkling altar of Nemelex Xobeh.
  4041 | D:5      | Entered Level 5 of the Dungeon
  4054 | D:5      | Reached XP level 8. HP: 61/70 MP: 7/7
  4161 | D:5      | Noticed Ijyb
  4172 | D:5      | Killed Ijyb
  4211 | D:5      | Reached skill level 8 in Axes
  4438 | D:5      | Found a faded altar of an unknown god.
  4438 | D:5      | Found a hazy altar of Hepliaklqana.
  4443 | D:5      | Found a faded altar of an unknown god.
  4445 | D:5      | Found a basalt altar of Yredelemnul.
  4447 | D:5      | Found a glowing golden altar of the Shining One.
  4532 | D:5      | Found Kiecza's General Store.
  4537 | D:5      | Bought a scroll of remove curse for 45 gold pieces
  4537 | D:5      | Bought a potion of heal wounds for 75 gold pieces
  4875 | D:5      | Got a twisted flail
  4876 | D:5      | Identified the +2 flail "Moxtuck" {drain, rPois rC+ Dex+2 SInv} (You found it on level 5 of the Dungeon)
  5083 | D:6      | Reached skill level 1 in Maces & Flails
  5477 | D:6      | Found a staircase to the Ecumenical Temple.
  5486 | Temple   | Entered the Ecumenical Temple
  5494 | Temple   | Became a worshipper of Trog the Wrathful
  5805 | D:7      | Found Jeaduh's Book Boutique.
  5816 | D:7      | Found a stormy altar of Qazlal.
  5856 | D:7      | Found an ancient bone altar of Kikubaaqudgha.
  5866 | D:7      | Reached skill level 1 in Evocations
  5892 | D:7      | Found Zaullotz's Assorted Antiques.
  5958 | D:7      | Found Gompyabe's Antique Armour Shoppe.
  5967 | D:7      | Reached XP level 9. HP: 27/79 MP: 8/8
  5972 | D:7      | Reached skill level 9 in Axes
  6234 | D:7      | Found Miuret's Gadget Boutique.
  6275 | D:7      | Reached * piety under Trog
  6563 | D:7      | Found an iron altar of Okawaru.
  6570 | D:7      | Found a sacrificial altar of Ru.
  6571 | D:7      | Found a shadowy altar of Dithmenos.
  6718 | D:7      | Found a shattered altar of Ashenzari.
  7539 | D:8      | Reached skill level 5 in Maces & Flails
  8004 | D:9      | Reached skill level 10 in Axes
  8077 | D:9      | Noticed a deep elf mage
  8093 | D:9      | Reached ** piety under Trog
  8112 | D:9      | Killed from afar by a deep elf mage

Skill      XL: |  1  2  3  4  5  6  7  8  9 |
---------------+----------------------------+-----
Axes           | 3 4 5 7 8 10 | 10.0
Armour         | 4 5 6 7 |  7.9
Shields        | 4 5 6 7 |  7.9
Fighting       | 4 5 6 7 |  7.8
Maces & Flails | 2 5 |  5.2
Evocations     | 1 2 |  2.6

Action                   |  1- 3 |  4- 6 |  7- 9 || total
-------------------------+-------+-------+-------++-------
Melee: War axe           |    88 |    85 |    91 ||   264
       Headbutt          |     7 |    17 |    60 ||    84
       Flail             |       |       |   200 ||   200
       Hand axe          |       |       |    48 ||    48
Invok: Trog's Hand       |       |       |     1 ||     1
  Use: Scroll            |       |       |    10 ||    10
       Potion            |       |       |     2 ||     2
  Eat: Chunk             |       |     5 |    17 ||    22
Armor: Scale mail        |    46 |    32 |   131 ||   209
Dodge: Dodged            |    20 |    35 |    57 ||   112
Block: Shield            |    47 |    46 |       ||    93
       Large shield      |       |       |   312 ||   312
